 Dungeon Crawl Stone Soup version 0.18.1-48-g4cf74bf (webtiles) character file.

303 Inkary the Skirmisher (level 6, -10/56 HPs)
             Began as a Hill Orc Fighter on Aug 26, 2016.
             Was an Initiate of Trog.
             Mangled by a goblin
             ... wielding a +1 dagger of electrocution
             ... led by Robin
              (14 damage)
             ... on level 4 of the Dungeon.
             The game lasted 00:03:58 (2881 turns).

Inkary the Skirmisher (Hill Orc Fighter)            Turns: 2881, Time: 00:03:59

Health: -10/56     AC:  7    Str: 24    XL:     6   Next: 38%
Magic:  15/15      EV:  7    Int:  8    God:    Trog [......]
Gold:   216        SH: 10    Dex: 12    Spells: 0 memorised, 5 levels left

rFire  . . .     SeeInvis .     a - +0 war axe
rCold  . . .     Gourm    .     b - +0 scale mail
rNeg   . . .     Faith    .     c - +0 shield
rPois  .         Spirit   .     (no helmet)
rElec  .         Dismiss  .     (no cloak)
rCorr  .         Reflect  .     (no gloves)
SustAt .         Harm     .     (no boots)
MR     .....                    (no amulet)
Stlth  ..........               (no ring)
                                u - ring of magical power

@: mighty, not resistant to hostile enchantments, extremely unstealthy
A: no striking features
a: Burn Spellbooks, Renounce Religion


You were on level 4 of the Dungeon.
You worshipped Trog.
Trog was noncommittal.
You were not hungry.

You visited 1 branch of the dungeon, and saw 4 of its levels.

You collected 216 gold pieces.

Inventory:

Hand Weapons
 a - a +0 war axe (weapon)
Armour
 b - a +0 scale mail (worn)
 c - a +0 shield (worn)
Jewellery
 u - a ring of magical power (left hand)
Wands
 v - a wand of flame (26/48)
Scrolls
 e - 2 scrolls of recharging {unknown}
 g - 2 scrolls of enchant weapon {unknown}
 h - 3 scrolls of teleportation {unknown}
 i - a scroll of amnesia {unknown}
 j - a scroll of magic mapping {unknown}
 n - 2 scrolls of remove curse {unknown}
 q - 2 scrolls of identify {unknown}
 x - a scroll of enchant armour {unknown}
Potions
 m - 2 potions of haste {unknown}
 o - a potion of agility
 r - a potion of curing {unknown}
 s - 4 potions of degeneration {unknown}
 t - 2 potions of ambrosia {unknown}
 w - a potion of lignification {unknown}
Comestibles
 f - 4 bread rations
 k - a slice of pizza
 l - a beef jerky
 p - a meat ration


   Skills:
 + Level 5.6 Fighting
 + Level 4.4 Axes
 + Level 4.4 Armour
 + Level 4.9 Shields


You had 5 spell levels left.
You didn't know any spells.

Dungeon Overview and Level Annotations

Branches:
Dungeon (4/15)
 Temple: D:4-7

Altars:
Elyvilon
Makhleb
Trog
Vehumet
Xom

Annotations:
D:4 Robin


Message History

Drink which item? (? for menu, Esc to quit)
You feel very mighty all of a sudden. The goblin hits you but does no damage.
You are electrocuted!
* * * LOW HITPOINT WARNING * * *
A goblin comes into view.
You are too injured to fight recklessly!
You are too injured to fight recklessly!
The goblin shouts!
The hobgoblin hits you but does no damage.
The goblin moves out of view.
You see here a goblin corpse.
Robin throws the goblin at you!
You closely miss the goblin. You hit the goblin.
The goblin is severely wounded.
You slash the hobgoblin!
You kill the hobgoblin!
Trog accepts your kill.
You block the goblin's attack. x2; Robin throws the goblin at you!
The goblin hits you but does no damage.
You are electrocuted!
You die...

.. #.# $. #.# # .##.# ..
$..## ## .. .g.# ...# #.
#))# #...##### #..##g†#
#........ #....gg#
#####....###.
#.##..@####............
#.##..gg...............
.......(.###............
?####.##.# ###.#.....##(
#. #.# #.#........ ..
..# #.#...#.### ### ###
#.#...#.# ###.##.##.#
##.#....>..#


You could see Robin and 5 goblins.

Vanquished Creatures
  An ogre (D:4)
  An orc priest (D:3)
  A hound skeleton (D:4)
  3 adders
  4 gnolls (D:2)
  An ooze (D:1)
  2 worms (D:2)
  2 dart slugs (D:4)
  2 giant geckos
  7 orcs (D:3)
  2 giant cockroaches
  14 goblins
  8 hobgoblins
  10 jackals
  A quokka (D:3)
  A ball python (D:1)
  6 bats
  2 giant newts (D:1)
  11 kobolds
  11 rats
90 creatures vanquished.

Notes
Turn   | Place    | Note
--------------------------------------------------------------
     0 | D:1      | Inkary the Hill Orc Fighter began the quest for the Orb.
     0 | D:1      | Reached XP level 1. HP: 19/19 MP: 1/1
   176 | D:1      | Reached XP level 2. HP: 26/27 MP: 2/2
   236 | D:1      | Reached skill level 4 in Fighting
   366 | D:1      | Reached XP level 3. HP: 26/33 MP: 3/3
   958 | D:2      | Reached XP level 4. HP: 22/41 MP: 4/4
  1212 | D:2      | Found a shimmering altar of Xom.
  1636 | D:2      | Found a burning altar of Makhleb.
  1636 | D:2      | Found a radiant altar of Vehumet.
  1723 | D:3      | Found a white marble altar of Elyvilon.
  1731 | D:3      | Reached XP level 5. HP: 46/47 MP: 5/5
  1760 | D:3      | Reached skill level 5 in Fighting
  2102 | D:3      | Found a bloodstained altar of Trog.
  2288 | D:3      | Became a worshipper of Trog the Wrathful
  2752 | D:4      | Noticed an ogre
  2759 | D:4      | Killed an ogre
  2759 | D:4      | Reached XP level 6. HP: 26/56 MP: 6/6
  2870 | D:4      | Noticed Robin
  2881 | D:4      | Mangled by a goblin

Skill      XL: |  1  2  3  4  5 |
---------------+----------------+-----
Fighting       | 4 5 |  5.6
Axes           | 3 4 |  4.4
Shields        | 4 |  4.9
Armour         | 4 |  4.4

Action                   |  1- 3 |  4- 6 || total
-------------------------+-------+-------++-------
Melee: War axe           |   118 |   196 ||   314
  Use: Potion            |       |     1 ||     1
  Eat: Chunk             |       |     7 ||     7
Armor: Scale mail        |    62 |    76 ||   138
Dodge: Dodged            |    42 |    54 ||    96
Block: Shield            |    75 |    94 ||   169
